 Dungeon Crawl Stone Soup version 0.30-a0-23-ge60ba3568b (webtiles) character file.

Game seed: 4669174447812042066

2916 purpskrrrp the Trooper (level 9, -3/75 HPs)
             Began as a Demigod Fighter on Aug 26, 2022.
             Slain by a sun demon (17 damage)
             ... summoned by a kobold demonologist
             ... in a bailey.
             The game lasted 00:21:51 (8040 turns).

purpskrrrp the Trooper (Demigod Fighter)            Turns: 8040, Time: 00:21:54

Health: -3/75      AC: 19    Str: 32    XL:     9   Next: 25%
Magic:  11/11      EV: 10    Int: 10    God:
Gold:   255        SH:  5    Dex: 13    Spells: 8/8 levels left

rFire   . . .      SeeInvis .    o - +0 morningstar (venom)
rCold   . . .      Faith    .    c - +0 buckler
rNeg    . . .      Spirit   .    n - +5 chain mail of Viny Fun {rElec rPois Str+3 Slay+3}
rPois   +          Reflect  .    u - +0 helmet
rElec   +          Harm     .    (no cloak)
rCorr   .          Rampage  .    i - +2 pair of gloves
Will    .....                    (no boots)
Stlth   ..........               (no amulet)
HPRegen 0.22/turn                r - ring of flight
MPRegen 0.12/turn                (no ring)

@: mighty, spiked, flying, studying Maces & Flails
A: high MP 1, forlorn, divine attributes
a: no special abilities


You were in a bailey.
You visited 1 branch of the dungeon, and saw 7 of its levels.
You also visited: Sewer and Bailey.

You collected 255 gold pieces.

Inventory:

Hand Weapons
 a - a +0 flail
 k - the +1 rapier of Virtue {vorpal, rC+ rCorr Int-4 SInv}
   (You found it on level 2 of the Dungeon)

   It inflicts extra damage upon your enemies.
   Int:       It affects your intelligence (-4).
   rC:        It protects you from cold.
   SInv:      It lets you see invisible.
   rCorr:     It protects you from acid and corrosion.
 o - a +0 morningstar of venom (weapon)
Armour
 b - a +1 scale mail
 c - a +0 buckler (worn)
 i - a +2 pair of gloves (worn)
 n - the +5 chain mail of Viny Fun (worn) {rElec rPois Str+3 Slay+3}
   (You found it on level 2 of the Dungeon)

   Str:       It affects your strength (+3).
   Slay:      It affects your accuracy & damage with ranged weapons and melee
   (+3).
   rElec:     It insulates you from electricity.
   rPois:     It protects you from poison.
 u - a +0 helmet (worn)
Jewellery
 r - a ring of flight (left hand)
Wands
 m - a wand of polymorph (2)
Scrolls
 e - a scroll of silence
 f - 5 scrolls of teleportation
 t - a scroll of blinking
Potions
 d - 2 potions of might
 g - a potion of curing
 l - 3 potions of lignification
 p - a potion of resistance
 q - 2 potions of brilliance
 s - 2 potions of flight


   Skills:
 + Level 6.1 Fighting
 * Level 5.6 Maces & Flails
 + Level 6.0 Armour
 + Level 5.1 Dodging
 + Level 6.0 Shields


You had 8 spell levels left.
You didn't know any spells.
Your spell library contained the following spells:

 Spells                   Type           Power      Damage    Failure   Level
 Freeze                   Ice            0%         1d3       90%         1
 Ensorcelled Hibernation  Hex/Ice        0%         N/A       97%         2
 Static Discharge         Conj/Air       0%         3-3/arc   97%         2
 Confusing Touch          Hex            0%         N/A       99%         3
 Frozen Ramparts          Ice            0%         1d1       99%         3
 Inner Flame              Hex/Fire       0%         N/A       99%         3
 Portal Projectile        Hex/Tloc       0%         N/A       99%         3
 Spider Form              Tmut/Pois      0%         N/A       99%         3
 Tukima's Dance           Hex            0%         N/A       99%         3
 Anguish                  Hex/Necr       0%         N/A       100%        4
 Cause Fear               Hex            0%         N/A       100%        4
 Hailstorm                Conj/Ice       0%         3d3       100%        4
 Blade Hands              Tmut           0%         N/A       100%        5
 Lightning Bolt           Conj/Air       0%         1d11      100%        5
 Yara's Violent Unravell  Hex/Tmut       0%         3d3       100%        5
 Enfeeble                 Hex            0%         N/A       100%        7
 Discord                  Hex            0%         N/A       100%        8
 Maxwell's Capacitive Co  Air            0%         ∞         100%        8


Dungeon Overview and Level Annotations

Branches:
Dungeon (7/15)             Temple (0/1) D:4           Sewer (visited)
 Bailey (1/1)


Innate Abilities, Weirdness & Mutations

You have an increased reservoir of magic. (+10% MP)
You shall have no god before yourself.
Your divine heritage dramatically boosts your attributes as you level up.


Message History

You writhe in agony.
You feel very mighty all of a sudden. You block the red devil's attack.
Hit: o) +0 morningstar (venom)
Press: ? - help, Dir - move target, f - red devil
Aim: a red devil, wielding a +2 demon trident of pain (water, summoned, about 49% to evade your +0 morningstar of venom)
You impale the red devil!!
The red devil is poisoned.
The red devil is severely wounded.
The red devil hits you but does no damage.
You writhe in agony.
The sun demon closely misses you.
Hit: o) +0 morningstar (venom)
Press: ? - help, Dir - move target, f/p - red devil
Aim: a red devil, wielding a +2 demon trident of pain (water, severely wounded, summoned, very poisoned, about 49% to evade your +0 morningstar of venom)
You hit the red devil but do no damage.
The red devil is severely wounded.
The sun demon barely misses you. You block the red devil's attack.
The crimson imp blinks!
The red devil hits you with a +2 demon trident of pain.
Barbed spikes become lodged in your body.
You writhe in agony.
The sun demon misses you.
Hit: o) +0 morningstar (venom)
Press: ? - help, Dir - move target, f/p - red devil
Aim: a red devil, wielding a +2 demon trident of pain (water, almost dead, summoned, very poisoned, about 49% to evade your +0 morningstar of venom)
You closely miss the red devil.
The red devil is almost dead.
The sun demon closely misses you.
The red devil hits you with a +2 demon trident of pain.
Barbed spikes become lodged in your body.
Hit: o) +0 morningstar (venom)
Press: ? - help, Dir - move target, f/p - red devil
Aim: a red devil, wielding a +2 demon trident of pain (water, almost dead, summoned, very poisoned, about 49% to evade your +0 morningstar of venom)
You thump the red devil!
You kill the red devil!
The red devil disappears in a puff of smoke!
The sun demon hits you!
You are engulfed in flames!
* * * LOW HITPOINT WARNING * * *
The sun demon hits you.
* * * LOW HITPOINT WARNING * * *
You are engulfed in flames!
You die...

########################
#≈≈≈≈≈≈≈≈≈≈≈≈≈≈≈≈≈≈≈≈≈≈≈
#≈≈≈≈≈≈≈≈≈≈≈≈≈≈≈≈≈≈≈≈≈≈≈
#≈≈≈≈≈≈≈≈≈≈≈≈≈≈≈≈≈≈≈≈≈≈≈
#≈≈≈≈≈≈≈≈≈≈5≈≈≈≈≈≈≈≈≈≈≈≈
#≈≈≈≈≈≈≈≈≈≈≈≈≈≈≈≈≈≈≈≈≈≈≈
#≈≈≈≈≈≈≈≈≈≈≈≈≈≈≈≈≈≈≈≈≈≈≈
#≈≈≈≈≈3≈≈≈≈≈≈≈≈≈≈≈≈≈≈≈≈≈
#≈≈≈≈§§@≈≈≈≈≈≈≈≈≈≈≈≈≈≈≈≈
#≈≈≈≈≈######~~~~~~~~~~~~
#≈≈≈≈≈# ..'............
#≈≈≈≈5#+#..#############
#≈≈≈≈≈#....'.....#......
#≈≈≈≈≈#... #.....'.8.8.8
#≈≈≈≈≈#.##############..
#≈≈≈≈≈5.#..'. #..
#≈≈≈≈≈o.#??# #..


You could see a sun demon (summoned) and a crimson imp (summoned).

Vanquished Creatures
  An orc knight (Bailey)
  2 water moccasins
  9 orc warriors (Bailey)
  An ice beast (D:5)
  2 black bears
  A sky beast (D:6)
  An ogre (D:6)
  A necrophage (D:5)
  A bullfrog (D:6)
  6 electric eels (Bailey)
  3 orc priests (D:5)
  4 hounds
  3 iguanas
  An orc wizard (D:5)
  7 gnolls
  8 adders
  A white imp (D:5)
  A dart slug (D:3)
  21 orcs
  3 ball pythons
  7 bats
  6 endoplasms
  6 giant cockroaches
  17 goblins
  13 hobgoblins
  6 jackals
  3 quokkas
  4 frilled lizards
  5 kobolds
  3 rats
147 creatures vanquished.

Notes
Turn   | Place    | Note
-------+----------+-------------------------------------------
     0 | D:1      | purpskrrrp the Demigod Fighter began the quest for the Orb.
     0 | D:1      | Reached XP level 1. HP: 18/18 MP: 3/3
   717 | D:1      | Reached XP level 2. HP: 20/25 MP: 4/4
  1546 | D:2      | Reached XP level 3. HP: 18/31 MP: 5/5
  1738 | D:2      | Identified the +1 rapier of Virtue {vorpal, rC+ rCorr Int-4
                  | SInv}
  1794 | D:2      | Identified the +5 chain mail of Viny Fun {rElec rPois Str+3
                  | Slay+3}
  2452 | D:3      | Found a glowing drain.
  2479 | Sewer    | Entered a sewer
  2540 | Sewer    | Noticed a water moccasin
  2549 | Sewer    | Killed a water moccasin
  2550 | Sewer    | Reached skill level 1 in Dodging
  2550 | Sewer    | Reached XP level 4. HP: 31/38 MP: 6/6
  2550 | Sewer    | Reached XP level 5. HP: 37/45 MP: 7/7
  2811 | D:3      | You fall into a shaft and drop 2 floors!
  2811 | D:5      | Entered Level 5 of the Dungeon
  3212 | D:5      | Reached XP level 6. HP: 51/52 MP: 8/8
  3233 | D:5      | Noticed a water moccasin
  3240 | D:5      | Killed a water moccasin
  3529 | D:4      | Reached XP level 7. HP: 38/59 MP: 9/9
  3838 | D:4      | Found a staircase to the Ecumenical Temple.
  6134 | D:6      | Reached XP level 8. HP: 67/67 MP: 10/10
  6476 | D:7      | Found a flagged portal.
  6480 | D:7      | Reached skill level 5 in Fighting
  6488 | D:7      | Identified the +7 hand axe of Edaeni {pain, Str+4}
  6491 | Bailey   | Entered a bailey
  6516 | Bailey   | Reached skill level 5 in Armour
  6562 | Bailey   | Reached skill level 5 in Shields
  6679 | Bailey   | Noticed an orc knight
  7143 | Bailey   | Reached skill level 5 in Maces & Flails
  7465 | Bailey   | Reached XP level 9. HP: 31/75 MP: 11/11
  7804 | Bailey   | Killed an orc knight
  7805 | Bailey   | Reached skill level 5 in Dodging
  7965 | Bailey   | Acquired a manual of Maces & Flails
  8005 | Bailey   | Noticed a kobold demonologist
  8005 | Bailey   | Noticed a kobold demonologist
  8020 | Bailey   | Noticed a rust devil
  8023 | Bailey   | Noticed an orange demon
  8026 | Bailey   | Noticed a sun demon
  8040 | Bailey   | Slain by a sun demon

Illustrated notes

Levels and vault maps discovered:
D:1:      elethiomel_arrival_maze, layout_loops_corners,
          hellmonk_ecumenical_altar_pennies_from_heaven
D:2:      layout_basic
D:3:      kennysheep_the_goblin_king, layout_rooms, gup_sewer_entry_glass,
          serial_rivers, chequers_serial_rivers_micro_b,
          chequers_serial_rivers_micro_e, chequers_serial_rivers_micro_d,
          chequers_serial_rivers_micro_e, minmay_close_crescents
D:4:      layout_layer_cave, mainiacjoe_overflow_cross_hatched,
          lemuel_crystal_altar, minmay_temple_entry_slanted
D:5:      layout_basic, trog_book, zin_scriptorium, nicolae_figureground_pulse
D:6:      layout_loops_corners, marbit_many_paths, nemelex_spade_bored_becter,
          overflow_temple_1_default
D:7:      layout_basic, mainiacjoe_overflow_divided_tiny, enter_bailey_2
Bailey:   bailey_axe_of_yendor_kennysheep, bailey

Skill      XL: |  1  2  3  4  5  6  7  8  9 |
---------------+----------------------------+-----
Maces & Flails | 2 3 4 5 |  5.6
Fighting       | 3 4 5 6 |  6.1
Armour         | 3 4 5 6 |  6.0
Shields        | 3 4 5 6 |  6.0
Dodging        | 1 2 3 4 5 |  5.1

Action                   |  1- 3 |  4- 6 |  7- 9 || total
-------------------------+-------+-------+-------++-------
Melee: Flail             |   144 |    43 |       ||   187
       Morningstar       |       |    35 |   292 ||   327
  Use: Scroll            |     8 |     1 |     6 ||    15
       Potion            |       |       |     4 ||     4
Armor: Scale mail        |    78 |       |       ||    78
       Chain mail        |    34 |    46 |   109 ||   189
Dodge: Dodged            |    72 |    33 |    99 ||   204
Block: Buckler           |    56 |    21 |    50 ||   127

Table legend: (Time is in decaauts)
 A = Elapsed time spent in this place.
 B = Non-inter-level travel time spent in this place.
 C = Inter-level travel time spent in this place.
 D = Time resting spent in this place.
 E = Time spent auto-exploring this place.
 F = Levels seen in this place.
 G = Mean time per level.
                   A        B        C        D        E       F      G
               +--------+--------+--------+--------+--------+-----+--------+
         Total |   8222 |   7977 |    245 |   1073 |   5054 |   9 |  913.6 |
       Dungeon |   6418 |   6173 |    245 |    133 |   4791 |   7 |  916.9 |
         Sewer |    208 |    208 |      0 |      0 |    139 |   1 |  208.0 |
        Bailey |   1595 |   1595 |      0 |    940 |    124 |   1 | 1595.0 |
               +--------+--------+--------+--------+--------+-----+--------+

Top non-repeatable levels by time:
  Bailey: 1595 daAuts
     D:1: 1273 daAuts
     D:2: 1219 daAuts
     D:5: 1176 daAuts
     D:4: 1100 daAuts
     D:6: 1068 daAuts
     D:3: 562 daAuts
   Sewer: 208 daAuts
     D:7: 16 daAuts
